 Dungeon Crawl Stone Soup version 0.21-a0-522-ga8338f0 (webtiles) character file.

1452 vineage the Cudgeler (level 8, -3/65 HPs)
             Began as a Demonspawn Warper on Dec 2, 2017.
             Was an Initiate of Makhleb.
             Slain by a two-headed ogre
             ... wielding a cursed -2 giant spiked club
              (12 damage)
             ... on level 7 of the Dungeon on Dec 6, 2017.
             The game lasted 00:32:24 (8718 turns).

vineage the Cudgeler (Demonspawn Warper)            Turns: 8718, Time: 00:32:25

Health: -3/65      AC:  9    Str: 13    XL:     8   Next: 47%
Magic:  11/11      EV: 12    Int: 16    God:    Makhleb [......]
Gold:   84         SH:  0    Dex: 12    Spells: 11/11 levels left

rFire    . . .     SeeInvis .   z - +1 trident (vamp)
rCold    . . .     Gourm    .   (no shield)
rNeg     . . .     Faith    .   b - +0 leather armour
rPois    .         Spirit   .   (helmet restricted)
rElec    .         Reflect  .   (no cloak)
rCorr    .         Harm     .   (no gloves)
MR       +....                  (no boots)
Stlth    +++.......             v - amulet of regeneration
HPRegen  0.60/turn              (no ring)
MPRegen  0.12/turn              (no ring)

@: sanguine armour
A: antennae 2, demonic guardian 1, magic resistance 1, nightstalker 2, sanguine
armour 1
a: Renounce Religion


You were on level 7 of the Dungeon.
You worshipped Makhleb.
Makhleb was noncommittal.
You were not hungry.

You visited 2 branches of the dungeon, and saw 9 of its levels.

You collected 324 gold pieces.
You spent 240 gold pieces at shops.

Inventory:

Hand Weapons
 a - a +0 mace
 g - a +0 flail
 z - a +1 vampiric trident (weapon)
Missiles
 p - 9 tomahawks
 q - a poisoned tomahawk (quivered)
Armour
 b - a +0 leather armour (worn)
 C - a +2 helmet
Jewellery
 v - an amulet of regeneration (around neck)
Wands
 y - a wand of acid (15)
Scrolls
 d - a scroll of blinking
 i - 4 scrolls of magic mapping
 k - 2 scrolls of immolation {unknown}
 l - 3 scrolls of enchant armour
 m - 4 scrolls of teleportation
 r - 7 scrolls of remove curse
 u - 3 scrolls of amnesia {unknown}
 w - a scroll of fear {unknown}
 x - 3 scrolls of random uselessness {unknown}
 D - a scroll of enchant weapon {unknown}
Potions
 e - a potion of lignification
 j - 3 potions of haste
 n - a potion of cancellation
 t - a potion of flight
 A - a potion of magic
 B - a potion of mutation
Books
 c - a book of Spatial Translocations

   Spells                             Type                      Level
   a - Blink                          Translocation                2
   b - Shroud of Golubria             Charms/Translocation         2
   c - Lesser Beckoning               Translocation                3
   d - Gell's Gravitas                Translocation                3
   e - Teleport Other                 Translocation                3
   f - Passage of Golubria            Translocation                4
Comestibles
 f - 8 bread rations
 o - a royal jelly


   Skills:
 + Level 6.3 Fighting
 - Level 7.1 Maces & Flails
 * Level 3.4 Polearms
 - Level 0.8 Throwing
 - Level 0.8 Armour
 - Level 1.7 Dodging
 - Level 2.0 Spellcasting
   Level 2.6 Translocations


You had 11 spell levels left.
You didn't know any spells.

Dungeon Overview and Level Annotations

Branches:
Dungeon (8/15)             Temple (1/1) D:5
   Lair: D:8-11

Altars:
Dithmenos
Elyvilon
Fedhas
Gozag
Kikubaaqudgha
Makhleb
Nemelex Xobeh
Okawaru
Qazlal
Ru
Sif Muna
Trog
Uskayaw
Vehumet
Xom
Yredelemnul
Zin

Shops:
D:6 (


Innate Abilities, Weirdness & Mutations

You have a pair of antennae on your head.
A weak demonic guardian rushes to your aid.
You are significantly more attuned to the shadows.
When seriously injured, your bleeding wounds create armour. (AC +6)
You are resistant to hostile enchantments. (MR+)


Message History

The two-headed ogre barely misses you. x2
You barely miss the two-headed ogre.
The two-headed ogre is heavily wounded.
You puncture the two-headed ogre!
The two-headed ogre is heavily wounded.
The two-headed ogre hits you with a giant spiked club!
The two-headed ogre misses you.
You hit the two-headed ogre.
The two-headed ogre is severely wounded.
The two-headed ogre hits you with a giant spiked club!!
Your blood congeals into armour.
The two-headed ogre hits you with a giant club!!
* * * LOW HITPOINT WARNING * * *
Okay, then.
Okay, then.
You don't know any spells.
You don't know any spells.
You feel better.
The two-headed ogre hits you with a giant spiked club!
You die...

#.....#####......#.########
#...###≈###....#.#.##.....#
...##≈≈≈≈≈##...........####
..##≈≈≈≈≈≈≈##....#.#####
..#≈≈....≈≈≈#....#.#
.##≈.####≈≈≈###..#.##
.#≈≈##..##8.8.8.....#
.#≈≈#_...'...[..O...#
.#≈≈##..##8.8.8.@...#
.##≈.####≈[≈###...(.#
..#≈≈.).[≈≈≈##......#
..##≈≈≈≈≈≈≈###<.....#
...##≈≈≈≈≈##........#
##..###≈###....###..######
##..# ###>...#...........##
....####)#................##
###..##....#...............#


You could see a two-headed ogre.

Vanquished Creatures
  An orc warrior (D:7)
  An ogre (D:5)
  3 bullfrogs (D:7)
  A crimson imp (D:7)
  A bullfrog zombie (D:7)
  5 orc wizards
  3 orc priests
  2 hounds
  2 iguanas
  4 worker ants
  2 hound zombies
  10 adders
  4 gnolls (D:7)
  An ooze (D:3)
  An adder skeleton (D:4)
  2 worms
  5 dart slugs
  4 leopard geckos
  23 orcs
  9 bats
  4 giant cockroaches
  9 goblins
  8 hobgoblins
  10 jackals
  8 kobolds
  2 quokkas
  9 frilled lizards
  A leopard gecko zombie (D:5)
  A quokka skeleton (D:7)
  4 rats (D:1)
140 creatures vanquished.

Vanquished Creatures (collateral kills)
  2 sky beasts
  2 bullfrogs (D:6)
  An orc priest (D:4)
  2 orc wizards
  A bullfrog skeleton (D:6)
  3 orcs
  A jackal (D:4)
12 creatures vanquished.

Vanquished Creatures (others)
  An orc wizard (D:7)
1 creature vanquished.

Grand Total: 153 creatures vanquished

Notes
Turn   | Place    | Note
-------+----------+-------------------------------------------
     0 | D:1      | vineage the Demonspawn Warper began the quest for the Orb.
     0 | D:1      | Reached XP level 1. HP: 16/16 MP: 3/3
    11 | D:1      | You fall through a shaft!
    35 | D:1      | Reached skill level 2 in Maces & Flails
   316 | D:1      | Gained mutation: When seriously injured, your bleeding wounds create armour. (AC +6) [demonic ancestry]
   316 | D:1      | Reached XP level 2. HP: 15/22 MP: 5/5
   709 | D:1      | Gained mutation: You are slightly more attuned to the shadows. [demonic ancestry]
   709 | D:1      | Reached XP level 3. HP: 18/28 MP: 6/6
  1123 | D:2      | Reached skill level 3 in Maces & Flails
  1670 | D:2      | Gained mutation: A weak demonic guardian rushes to your aid. [demonic ancestry]
  1670 | D:2      | Reached XP level 4. HP: 24/35 MP: 7/7
  2620 | D:3      | Reached skill level 4 in Maces & Flails
  2821 | D:3      | Reached XP level 5. HP: 33/41 MP: 8/8
  4036 | D:4      | Reached XP level 6. HP: 48/48 MP: 9/9
  4043 | D:4      | Reached skill level 5 in Maces & Flails
  4751 | D:5      | Entered Level 5 of the Dungeon
  5306 | D:5      | Found a blossoming altar of Fedhas.
  5365 | D:5      | You fall through a shaft for 2 floors!
  5365 | D:7      | Found a stormy altar of Qazlal.
  5699 | D:5      | Gained mutation: You are significantly more attuned to the shadows. [demonic ancestry]
  5699 | D:5      | Reached XP level 7. HP: 55/55 MP: 10/10
  5936 | D:5      | Reached skill level 6 in Maces & Flails
  6044 | D:5      | Found a staircase to the Ecumenical Temple.
  6222 | Temple   | Entered the Ecumenical Temple
  6440 | Temple   | Became a worshipper of Makhleb the Destroyer
  6580 | D:6      | Reached skill level 5 in Fighting
  6809 | D:6      | Found an iron altar of Okawaru.
  7221 | D:6      | Gained mutation: Your magical capacity is low. (-10% MP) [potion of mutation]
  7221 | D:6      | Gained mutation: You are resistant to hostile enchantments. (MR+) [potion of mutation]
  7221 | D:6      | Lost mutation: Your magical capacity is low. (-10% MP) [potion of mutation]
  7237 | D:6      | Found Gifebbul's Antique Weapon Shoppe.
  7243 | D:6      | Bought a flail for 84 gold pieces
  7244 | D:6      | Bought a glowing trident for 156 gold pieces
  7806 | D:7      | Reached skill level 7 in Maces & Flails
  7836 | D:7      | Found a basalt altar of Yredelemnul.
  7836 | D:7      | Found a hide-covered altar of Uskayaw.
  7838 | D:7      | Found a sparkling altar of Nemelex Xobeh.
  7838 | D:7      | Found a white marble altar of Elyvilon.
  7840 | D:7      | Found a bloodstained altar of Trog.
  7840 | D:7      | Found a shadowy altar of Dithmenos.
  7856 | D:7      | Gained mutation: You have a pair of small antennae on your head. [demonic ancestry]
  7856 | D:7      | Reached XP level 8. HP: 63/63 MP: 11/11
  7954 | D:7      | Reached skill level 1 in Polearms
  7957 | D:7      | Found a glowing silver altar of Zin.
  8389 | D:7      | Gained mutation: You have a pair of antennae on your head. [mutagenic meat]
  8415 | D:7      | Found a deep blue altar of Sif Muna.
  8697 | D:7      | Upgraded the game from 0.21-a0-513-gdcb3f5e to 0.21-a0-522-ga8338f0
  8709 | D:8      | Noticed a two-headed ogre
  8717 | D:7      | HP: 2/65 [two-headed ogre/giant spiked club (23)]
  8718 | D:7      | Slain by a two-headed ogre

Vault maps used:
D:1:      elethiomel_arrival_fortress_basement, hangedman_feature_mirror,
          serial_park_tiny_pond
D:4:      first_bread
D:5:      old_standard_altar, minmay_temple_entry_glassed_door,
          kennysheep_flooded_box
D:6:      serial_shops, shop, okawaru_gym_becter
D:7:      kennysheep_orc_sif_temple, grunt_temple_overflow_open
D:8:      overflow_temple_1_default, david_nohive_1
Temple:   nicolae_temple_hex_pool

Skill      XL: |  1  2  3  4  5  6  7  8 |
---------------+-------------------------+-----
Maces & Flails | 2 3 4 5 7 |  7.1
Fighting       | 3 4 5 6 |  6.3
Polearms       | 3 |  3.4
Throwing       | |  0.8
Armour         | |  0.8
Dodging        | |  1.7
Spellcasting   | |  2.0
Translocations | |  2.6

Action                   |  1- 3 |  4- 6 |  7- 9 || total
-------------------------+-------+-------+-------++-------
Melee: Mace              |   116 |   231 |    35 ||   382
       Trident           |       |       |   165 ||   165
Throw: Tomahawk          |     4 |    50 |    34 ||    88
Evoke: Wand              |       |       |     2 ||     2
  Use: Scroll            |       |     7 |     4 ||    11
       Potion            |       |       |     2 ||     2
 Stab: Sleeping          |     4 |     3 |     5 ||    12
       Distracted        |       |       |     1 ||     1
  Eat: Meat ration       |     1 |     2 |     1 ||     4
       Chunk             |     1 |       |     5 ||     6
       Royal jelly       |       |       |     2 ||     2
       Fruit             |       |       |     1 ||     1
Armor: Leather armour    |    48 |    61 |    52 ||   161
Dodge: Dodged            |    92 |   192 |   123 ||   407

Table legend:
 A = Spawn XP
 B = Non-spawn XP
 C = Spawn XP percentage of total XP
 D = Spawn monster count
 E = Non-spawn monster count
 F = Spawn count percentage of total count
 G = Total turns spent on level
                    A         B        C        D         E        F      G
               +---------+---------+-------+---------+---------+-------+---------
         Total |       0 |    2075 |   0.0 |       0 |     153 |   0.0 |  8718
               +---------+---------+-------+---------+---------+-------+---------
           D:1 |       0 |      50 |   0.0 |       0 |      24 |   0.0 |  1080
           D:2 |       0 |      83 |   0.0 |       0 |      20 |   0.0 |  1115
           D:3 |       0 |      97 |   0.0 |       0 |      31 |   0.0 |  1092
           D:4 |       0 |     299 |   0.0 |       0 |      31 |   0.0 |  1464
           D:5 |       0 |     367 |   0.0 |       0 |      11 |   0.0 |  1441
           D:6 |       0 |     358 |   0.0 |       0 |      12 |   0.0 |  1233
           D:7 |       0 |     818 |   0.0 |       0 |      23 |   0.0 |  1138
           D:8 |       0 |       3 |   0.0 |       0 |       1 |   0.0 |    16
               +---------+---------+-------+---------+---------+-------+---------
